 Dungeon Crawl Stone Soup version 0.32-a0-361-g289a535e89 (webtiles) character file.

Game seed: 8237767396936521091

814 ytrimaz the Chopper (level 7, -2/54 HPs)
             Began as a Coglin Monk on Feb 18, 2024.
             Slain by an ogre
             ... wielding a +0 giant spiked club
              (33 damage)
             ... on level 5 of the Dungeon.
             The game lasted 00:06:02 (3378 turns).

ytrimaz the Chopper (Coglin Monk)                   Turns: 3378, Time: 00:06:02

Health: -2/54      AC: 13    Str: 13    XL:     7   Next: 93%
Magic:  7/7        EV:  7    Int: 10    God:
Gold:   171        SH:  0    Dex: 16    Spells: 6/6 levels left

rFire   . . .        a - +1 hand axe {Minoru}
rCold   . . .        e - +0 hand axe {Akihito}
rNeg    . . .        k - +0 chain mail
rPois   .            (no helmet)
rElec   .            (no cloak)
rCorr   .            (no gloves)
SInv    .            (no boots)
Will    .....        (no amulet) Stlth
                     p - +4 ring of protection
HPRegen 0.29/turn    (no ring)
MPRegen 0.10/turn

%: no passive effects
@: revved, stiff-legged, very slow
A: off-hand wielding, slow wielding, warmup strikes, warmup strides
a: no special abilities


You were on level 5 of the Dungeon.
You visited 1 branch of the dungeon, and saw 5 of its levels.

You collected 171 gold pieces.


Innate Abilities, Weirdness & Mutations

You can wield a second weapon in your off-hand.
It takes a long time for you to wield or remove held weapons.
Your first few attacks do less damage.
Your first movements take longer.


   Skills:
 - Level 4.0 Fighting
 + Level 7.4 Axes
 - Level 4.0 Armour
 - Level 2.6 Dodging
 + Level 0.0 Invocations


You had 6 spell levels left.
You didn't know any spells.
Your spell library contained the following spells:

 Spells                   Type           Power      Damage    Failure   Level
 Tukima's Dance           Hex            0%         N/A       100%        3
 Dimensional Bullseye     Hex/Tloc       0%         N/A       100%        4
 Iskenderun's Mystic Bla  Conj/Tloc      0%         2d3       100%        4

Inventory:

Hand Weapons
 a - a +1 hand axe (weapon) {Minoru}
 e - a +0 hand axe (worn) {Akihito}
   (You found it on level 1 of the Dungeon)
Missiles
 l - 2 throwing nets (quivered)
Armour
 d - an orb of light
 k - a +0 chain mail (worn)
   (You found it on level 2 of the Dungeon)
Jewellery
 p - a +4 ring of protection (left grasper)
   (You found it on level 3 of the Dungeon)
 q - a ring of wizardry
   (You found it on level 3 of the Dungeon)
Wands
 r - a wand of polymorph (9)
   (You took it off Natasha on level 4 of the Dungeon)
Scrolls
 b - a scroll of immolation
 f - 2 scrolls of teleportation
 g - a scroll of blinking {unknown}
 i - 2 scrolls of amnesia
 j - a scroll of enchant weapon
Potions
 c - a potion of ambrosia
 h - a potion of resistance
 m - 3 potions of curing
 n - a potion of heal wounds {unknown}
 o - a potion of invisibility {unknown}

Dungeon Overview and Level Annotations

Branches:
Dungeon (5/15) Zot: 26428
 Temple: D:4-7

Altars:
Nemelex Xobeh

#.....#
#.###.##.##########
#.....# #..##.#
#.....# #.##.######
#.....# ##.........#
#.....###........#
#..............#.
####.........#.#
#.........#.###.####
#.........#.@†$.....
#.....#####..O.#####
#.....# #.#..#
#.....# #.#..#
#.....# #...!.
#.....# ####.#.
#.....# <..#
#.†....... ..>#
.....#.####


You could see an ogre.


Message History

MASSIVE DAMAGE!! (PAUSE)
You hit the scorpion but do no damage.
You hit the scorpion with your +0 hand axe.
You feel very sick.
The scorpion barely misses you. 😮 HP[-3]
You take 3 damage, and now have 28/54 hp.
You are too injured to fight recklessly!
You hit the scorpion but do no damage.
You hit the scorpion with your +1 hand axe.
You feel sick. The scorpion stings you.
* * * LOW HITPOINT WARNING * * *
😨 HP[-2]
You take 2 damage, and now have 26/54 hp.
You hit the scorpion with your +0 hand axe.
You slash the scorpion with your +1 hand axe!
You feel sick.
The scorpion stings you but does no damage. 😨 HP[-1]
You take 1 damage, and now have 25/54 hp.
Unknown command.
You are too injured to fight recklessly!
You closely miss the scorpion with your +0 hand axe.
You hit the scorpion with your +1 hand axe.
You feel sick. The scorpion stings you.
* * * LOW HITPOINT WARNING * * *
You are more poisoned.
The scorpion poisons you! 😨 HP[-2]
You take 2 damage, and now have 23/54 hp.
You hit the scorpion with your +1 hand axe.
You kill the scorpion!
You feel very sick. 😨 HP[-3]
You take 3 damage, and now have 20/54 hp.
You are too injured to fight recklessly!
Unknown command.
You feel sick.
You feel very sick.
You feel sick.
You feel sick.
You feel sick.
You feel sick.
You feel sick.
You feel sick.
You feel sick.
You are no longer poisoned.
Key pressed, stopping explore.
m - 3 potions of curing (gained 2) Key pressed, stopping explore.
You pick up a book of Weapons and begin reading...
You add the spells Tukima's Dance, Dimensional Bullseye and Iskenderun's Mystic Blast to your library. 😎 HP[+34]
Your hp is fully restored (54).
No target in view!
A hound comes into view.
Found 16 gold pieces.
Found a stone staircase leading up.
The hound barks!
An ogre comes into view. It is wielding a +0 giant spiked club.
There are monsters nearby!
Found a stone staircase leading down.
The ogre shouts!
The hound bites you but does no damage. x2
There are monsters nearby!
You hit the hound but do no damage.
You hit the hound with your +1 hand axe.
The hound barely misses you.
You hit the hound with your +0 hand axe.
You hit the hound but do no damage. The hound closely misses you.
The hound barely misses you.
You closely miss the hound with your +1 hand axe.
You closely miss the hound with your +0 hand axe.
The hound bites you but does no damage.
You barely miss the hound with your +0 hand axe.
You hit the hound with your +1 hand axe.
The hound bites you but does no damage.
Okay, then.
You hit the ogre with your +1 hand axe.
You barely miss the hound with your +1 hand axe.
You hit the ogre but do no damage.
You barely miss the hound with your +0 hand axe.
The hound bites you but does no damage.
You hit the ogre but do no damage.
You hit the hound with your +0 hand axe.
You hit the ogre with your +1 hand axe.
You barely miss the hound with your +1 hand axe.
The hound bites you.
The ogre hits you with a +0 giant spiked club!!
The hound bites you but does no damage. 😮 HP[-23]
You take 23 damage, and now have 31/54 hp.
MASSIVE DAMAGE!! (PAUSE)
You hit the ogre with your +1 hand axe.
You miss the hound with your +1 hand axe.
You hit the ogre but do no damage.
You hit the hound with your +0 hand axe.
You kill the hound!
The ogre hits you with a +0 giant spiked club!!
Ouch! That really hurt!
You die...

Skill      XL: |  1  2  3  4  5  6  7 |
---------------+----------------------+-----
Armour         | 1 2 3 4 |  4.0
Fighting       | 4 |  4.0
Axes           | 4 5 7 |  7.4
Dodging        | |  2.6

Action                     |  1- 3 |  4- 6 |  7- 9 || total
---------------------------+-------+-------+-------++-------
  Melee: Hand axe          |    88 |   224 |   109 ||   421
         Unarmed           |       |       |     6 ||     6
    Use: Scroll            |     2 |       |     4 ||     6
         Potion            |       |     3 |       ||     3
 Armour: Robe              |    40 |       |       ||    40
         Leather armour    |     6 |    16 |       ||    22
         Chain mail        |       |   135 |    69 ||   204
         Skin              |       |       |     3 ||     3
  Dodge: Dodged            |    71 |    56 |    47 ||   174

Levels and vault maps discovered:
D:1:      matt_arrival_spirals, layout_rooms
D:2:      layout_basic
D:3:      layout_loops_cross, saegor_snake_ambush
D:4:      layout_basic, nemelex_diamond_rough_becter, uniq_natasha
D:5:      layout_basic, uniq_blork_the_orc

Notes
Turn   | Place    | Note
-------+----------+-------------------------------------------
     0 | D:1      | ytrimaz the Coglin Monk began the quest for the Orb.
     0 | D:1      | Reached XP level 1. HP: 18/18 MP: 1/1
     0 | D:1      | magus.rc [v1.9.6]
   126 | D:1      | Reached XP level 2. HP: 9/24 MP: 2/2
   478 | D:1      | Reached skill level 1 in Armour
   486 | D:1      | Reached XP level 3. HP: 26/29 MP: 3/3
   891 | D:2      | Reached XP level 4. HP: 37/37 MP: 4/4
  1416 | D:3      | Reached skill level 2 in Armour
  1465 | D:3      | Reached skill level 4 in Fighting
  1465 | D:3      | Reached skill level 4 in Axes
  1669 | D:3      | Reached XP level 5. HP: 42/42 MP: 5/5
  2178 | D:4      | Found a sparkling altar of Nemelex Xobeh.
  2194 | D:4      | Noticed Natasha
  2202 | D:4      | Killed Natasha
  2223 | D:4      | Noticed Natasha
  2225 | D:4      | Noticed an ogre
  2232 | D:4      | Killed Natasha
  2235 | D:4      | Killed an ogre
  2236 | D:4      | Reached skill level 5 in Axes
  2236 | D:4      | Reached skill level 3 in Armour
  2236 | D:4      | Reached XP level 6. HP: 28/48 MP: 6/6
  2500 | D:4      | Noticed Natasha
  2518 | D:4      | Reached skill level 4 in Armour
  2518 | D:4      | Reached XP level 7. HP: 40/54 MP: 7/7
  2525 | D:4      | Killed Natasha
  2939 | D:5      | Entered Level 5 of the Dungeon
  2987 | D:5      | Reached skill level 6 in Axes
  3097 | D:5      | Noticed Blork the orc
  3124 | D:5      | Killed Blork the orc
  3125 | D:5      | Reached skill level 7 in Axes
  3195 | D:5      | HP: 13/54 [poisoned by a scorpion]
  3200 | D:5      | HP: 10/54 [poisoned by a scorpion]
  3358 | D:5      | You pick up a book of Weapons and begin reading...
  3358 | D:5      | You add the spells Tukima's Dance, Dimensional Bullseye and
                  | Iskenderun's Mystic Blast to your library.
  3378 | D:5      | Slain by an ogre

Vanquished Creatures
  An ogre (D:4)
  A centaur (D:5)
  Blork the orc (D:5)
  2 scorpions (D:5)
  2 hounds (D:5)
  An orc priest (D:4)
  A sleepcap (D:5)
  Natasha (thrice) (D:4)
  4 orc wizards (D:4)
  7 adders
  2 ribbon worms
  8 orcs (D:4)
  5 ball pythons
  6 endoplasms
  2 giant cockroaches
  4 goblins
  5 hobgoblins
  4 jackals
  3 quokkas
  6 bats
  4 frilled lizards
  9 kobolds
  7 rats
88 creatures vanquished.

Table legend:
 A = Non-vault XP
 B = Vault XP
 C = Vault XP percentage of total XP
 D = Non-vault monster count
 E = Vault monster count
 F = Vault count percentage of total count
                 A         B        C        D         E       F
            +---------+---------+-------+---------+---------+-------
      Total |    1051 |     154 |  12.8 |      84 |       4 |   4.5
            +---------+---------+-------+---------+---------+-------
        D:1 |      52 |       0 |   0.0 |      20 |       0 |   0.0
        D:2 |      68 |       0 |   0.0 |      17 |       0 |   0.0
        D:3 |      82 |      17 |  17.2 |      19 |       2 |   9.5
        D:4 |     445 |      36 |   7.5 |      22 |       1 |   4.3
        D:5 |     404 |     101 |  20.0 |       6 |       1 |  14.3
            +---------+---------+-------+---------+---------+-------

Skill      XL: |  1  2  3  4  5  6  7 |
---------------+----------------------+-----
Armour         | 1 2 3 4 |  4.0
Fighting       | 4 |  4.0
Axes           | 4 5 7 |  7.4
Dodging        | |  2.6

Action                     |  1- 3 |  4- 6 |  7- 9 || total
---------------------------+-------+-------+-------++-------
  Melee: Hand axe          |    88 |   224 |   109 ||   421
         Unarmed           |       |       |     6 ||     6
    Use: Scroll            |     2 |       |     4 ||     6
         Potion            |       |     3 |       ||     3
 Armour: Robe              |    40 |       |       ||    40
         Leather armour    |     6 |    16 |       ||    22
         Chain mail        |       |   135 |    69 ||   204
         Skin              |       |       |     3 ||     3
  Dodge: Dodged            |    71 |    56 |    47 ||   174

Illustrated notes

Table legend:
 A = Kills in this place as a percentage of kills in the entire game.
 B = Kills by you in this place as a percentage of kills by you in the entire game.
 C = Kills by friends in this place as a percentage of kills by friends in the entire game.
 D = Other kills in this place as a percentage of other kills in the entire game.
 E = Experience gained in this place as a percentage of experience gained in the entire game.
 F = Experience gained in this place divided by the number of levels of this place that you have seen.
                   A       B       C       D       E      F
               +-------+-------+-------+-------+-------+----------------------
         Total | 100.0 | 100.0 |   N/A |   N/A | 100.0 | 241.0
       Dungeon | 100.0 | 100.0 |   N/A |   N/A | 100.0 | 241.0
               +-------+-------+-------+-------+-------+----------------------

Table legend: (Time is in decaauts)
 A = Elapsed time spent in this place.
 B = Non-inter-level travel time spent in this place.
 C = Inter-level travel time spent in this place.
 D = Time resting spent in this place.
 E = Time spent auto-exploring this place.
 F = Levels seen in this place.
 G = Mean time per level.
                   A        B        C        D        E       F      G
               +--------+--------+--------+--------+--------+-----+--------+
         Total |   3570 |   3479 |     91 |    196 |   2551 |   5 |  714.0 |
       Dungeon |   3570 |   3479 |     91 |    196 |   2551 |   5 |  714.0 |
               +--------+--------+--------+--------+--------+-----+--------+

Top non-repeatable levels by time:
     D:4: 843 daAuts
     D:1: 823 daAuts
     D:3: 793 daAuts
     D:2: 663 daAuts
     D:5: 447 daAuts
